TOP OF THE 1ST |
Buffalo LightSabres batting - Pitching for Wilmington Rebels : RHP Jim Wilson
|
Pitching: RHP Jim Wilson
|
|
Batting: LHB Lucas Coleman
|
0-0: Foul Ball, location: 2F 0-1: Swinging Strike 0-2: Ball 1-2: Ball 2-2: Foul Ball, location: 2F 2-2: Ball 3-2: Ground out U3 (Groundball, 3S)
|
Batting: SHB Brian Price
|
0-0: Ball 1-0: Ball 2-0: Called Strike 2-1: Foul Ball, location: 2F 2-2: Foul Ball, location: 2F 2-2: Ball 3-2: SINGLE (Flyball, 8RS)
|
Batting: RHB Keith Sims
|
0-0: Ball 1-0: Foul Ball, location: 2F 1-1: Foul Ball, location: 2F 1-2: Ball 2-2: Strikes out swinging
|
Batting: RHB José Pérez
|
0-0: Called Strike 0-1: Ground out 5-3 (Groundball, 5S)
|
Top of the 1st over - 0 run(s), 1 hit(s), 0 error(s), 1 left on base; Buffalo 0 - Wilmington 0 |
BOTTOM OF THE 1ST |
Wilmington Rebels batting - Pitching for Buffalo LightSabres : LHP Keith Jennings
|
Pitching: LHP Keith Jennings
|
|
Batting: RHB Jesús Cabrera
|
0-0: Ball 1-0: Swinging Strike 1-1: Swinging Strike 1-2: Ball 2-2: Foul Ball, location: 2F 2-2: Foul Ball, location: 2F 2-2: Ball 3-2: Ground out 6-3 (Groundball, 6)
|
Batting: RHB Jeff Jones
|
0-0: Called Strike 0-1: Foul Ball, location: 2F 0-2: Ground out 6-3 (Groundball, 56)
|
Batting: RHB Enrico Bonizo
|
0-0: Called Strike 0-1: SINGLE (Line Drive, 56D)
|
Batting: RHB Joey Boyd
|
0-0: Ball Enrico Bonizo steals 2nd base 1-0: Ball 2-0: Foul Ball, location: 2F 2-1: Foul Ball, location: 2F 2-2: Ground out 1-3 (Groundball, 13S)
|
Bottom of the 1st over - 0 run(s), 1 hit(s), 0 error(s), 1 left on base; Buffalo 0 - Wilmington 0 |
TOP OF THE 2ND |
Buffalo LightSabres batting - Pitching for Wilmington Rebels : RHP Jim Wilson
|
Batting: LHB Chris Loudermilk
|
0-0: Hit by Pitch
|
Batting: LHB Craig Kenney
|
0-0: Ball 1-0: Foul Ball, location: 2F 1-1: Ball 2-1: Fielders Choice at 2nd, U6 (Groundball, 6)
|
Batting: RHB Naomi Kitamura
|
0-0: Called Strike Craig Kenney is caught stealing 2nd base 0-1: Ball 1-1: Swinging Strike 1-2: Strikes out looking
|
Top of the 2nd over - 0 run(s), 0 hit(s), 0 error(s), 0 left on base; Buffalo 0 - Wilmington 0 |
BOTTOM OF THE 2ND |
Wilmington Rebels batting - Pitching for Buffalo LightSabres : LHP Keith Jennings
|
Batting: RHB Vicente Valentín
|
0-0: Foul Ball, location: 2F 0-1: Swinging Strike 0-2: Ball 1-2: Strikes out swinging
|
Batting: LHB Chandler Hubbard
|
0-0: Ball 1-0: Called Strike 1-1: Fly out, F9 (Flyball, 9M)
|
Batting: RHB Bob Lazzeri
|
0-0: Ball 1-0: Fly out, F4 (Popup, 3D)
|
Bottom of the 2nd over - 0 run(s), 0 hit(s), 0 error(s), 0 left on base; Buffalo 0 - Wilmington 0 |
TOP OF THE 3RD |
Buffalo LightSabres batting - Pitching for Wilmington Rebels : RHP Jim Wilson
|
Batting: RHB Francisco Gallegos
|
0-0: Called Strike 0-1: Swinging Strike 0-2: Ball 1-2: Strikes out swinging
|
Batting: LHB Sixto Cortés
|
0-0: Ball 1-0: Called Strike 1-1: Swinging Strike 1-2: Hit by Pitch
|
Batting: LHB Lucas Coleman
|
0-0: Foul Ball, location: 2F 0-1: Swinging Strike 0-2: Foul Ball, location: 2F 0-2: Ball 1-2: Foul Ball, location: 2F 1-2: Fly out, F5 (Popup, 56S)
|
Batting: SHB Brian Price
|
0-0: Ball 1-0: Ground out 4-3 (Groundball, 4)
|
Top of the 3rd over - 0 run(s), 0 hit(s), 0 error(s), 1 left on base; Buffalo 0 - Wilmington 0 |
BOTTOM OF THE 3RD |
Wilmington Rebels batting - Pitching for Buffalo LightSabres : LHP Keith Jennings
|
Batting: RHB Al Reese
|
0-0: Ball 1-0: SINGLE (Flyball, 8RS)
|
Batting: RHB Norberto Gonzáles
|
0-0: Ball 1-0: Swinging Strike 1-1: Foul Ball, location: 2F 1-2: Ball 2-2: Foul Ball, location: 2F 2-2: Foul Ball, location: 2F 2-2: Grounds into double play, 4-6-3 (Groundball, 4)
|
Batting: RHB Jesús Cabrera
|
0-0: Called Strike 0-1: Ground out 6-3 (Groundball, 6M)
|
Bottom of the 3rd over - 0 run(s), 1 hit(s), 0 error(s), 0 left on base; Buffalo 0 - Wilmington 0 |
TOP OF THE 4TH |
Buffalo LightSabres batting - Pitching for Wilmington Rebels : RHP Jim Wilson
|
Batting: RHB Keith Sims
|
0-0: Ball 1-0: Foul Ball, location: 2F 1-1: Ground out 6-3 (Groundball, 6)
|
Batting: RHB José Pérez
|
0-0: Called Strike 0-1: Ball 1-1: Swinging Strike 1-2: Ground out 5-3 (Groundball, 56)
|
Batting: LHB Chris Loudermilk
|
0-0: Called Strike 0-1: Ball 1-1: Foul Ball, location: 2F 1-2: Ball 2-2: Ball 3-2: SOLO HOME RUN (Flyball, 9LD), Distance : 369 ft
|
Batting: LHB Craig Kenney
|
0-0: Ball 1-0: Ground out 4-3 (Groundball, 34)
|
Top of the 4th over - 1 run(s), 1 hit(s), 0 error(s), 0 left on base; Buffalo 1 - Wilmington 0 |
BOTTOM OF THE 4TH |
Wilmington Rebels batting - Pitching for Buffalo LightSabres : LHP Keith Jennings
|
Batting: RHB Jeff Jones
|
0-0: Foul Ball, location: 2F 0-1: Called Strike 0-2: Ball 1-2: Ball 2-2: SINGLE (Line Drive, 9S)
|
Batting: RHB Enrico Bonizo
|
0-0: Called Strike 0-1: SINGLE (Line Drive, 6MD) Jeff Jones to second
|
Batting: RHB Joey Boyd
|
0-0: Fly out, F8 (Flyball, 8RD) Runner from 2nd tags up, SAFE at 3rd, no throw
|
Batting: RHB Vicente Valentín
|
0-0: Called Strike 0-1: Ball 1-1: Ball 2-1: Foul Ball, location: 2F 2-2: Ball 3-2: Foul Ball, location: 2F 3-2: Fly out, F6 (Popup, 8LS)
|
Batting: LHB Chandler Hubbard
|
0-0: Called Strike 0-1: Ball 1-1: Called Strike 1-2: Strikes out swinging
|
Bottom of the 4th over - 0 run(s), 2 hit(s), 0 error(s), 2 left on base; Buffalo 1 - Wilmington 0 |
TOP OF THE 5TH |
Buffalo LightSabres batting - Pitching for Wilmington Rebels : RHP Jim Wilson
|
Batting: RHB Naomi Kitamura
|
0-0: Ball 1-0: Called Strike 1-1: Foul Ball, location: 2F 1-2: Foul Ball, location: 2F 1-2: Ball 2-2: Ball 3-2: SINGLE (Flyball, 78S)
|
Batting: RHB Francisco Gallegos
|
0-0: SINGLE (Line Drive, 7S) Naomi Kitamura to second
|
Batting: LHB Sixto Cortés
|
0-0: Ground out 5-3 (Groundball, 56S) Naomi Kitamura to third Francisco Gallegos to second
|
Batting: LHB Lucas Coleman
|
0-0: Swinging Strike 0-1: Ball 1-1: Fly out, F8 (Flyball, 8RM) Runner from 3rd tags up, SCORES, no throw
|
Batting: SHB Brian Price
|
0-0: Ball 1-0: Foul Ball, location: 2F 1-1: Ball 2-1: Ball 3-1: Base on Balls
|
Batting: RHB Keith Sims
|
0-0: Ball 1-0: Ball 2-0: Called Strike 2-1: Ball 3-1: Fly out, F3 (Popup, 3SF)
|
Top of the 5th over - 1 run(s), 2 hit(s), 0 error(s), 2 left on base; Buffalo 2 - Wilmington 0 |
BOTTOM OF THE 5TH |
Wilmington Rebels batting - Pitching for Buffalo LightSabres : LHP Keith Jennings
|
Batting: RHB Bob Lazzeri
|
0-0: Swinging Strike 0-1: Ball 1-1: Called Strike 1-2: SINGLE (Groundball, 56D)
|
Batting: RHB Al Reese
|
0-0: Ball 1-0: Called Strike 1-1: Foul Ball, location: 2F 1-2: Strikes out swinging
|
Batting: RHB Norberto Gonzáles
|
0-0: Swinging Strike 0-1: Ball 1-1: Ball 2-1: Ball 3-1: Foul Ball, location: 2F 3-2: Foul Ball, location: 2F 3-2: Grounds into double play, 6-4-3 (Groundball, 6)
|
Bottom of the 5th over - 0 run(s), 1 hit(s), 0 error(s), 0 left on base; Buffalo 2 - Wilmington 0 |
TOP OF THE 6TH |
Buffalo LightSabres batting - Pitching for Wilmington Rebels : RHP Jim Wilson
|
Batting: RHB José Pérez
|
0-0: Ball 1-0: Called Strike 1-1: SINGLE (Groundball, 56)
|
Batting: LHB Chris Loudermilk
|
0-0: Foul Ball, location: 2F 0-1: Ball 1-1: Ball 2-1: Swinging Strike 2-2: Foul Ball, location: 2F 2-2: Foul Ball, location: 2F 2-2: Ball 3-2: Foul Ball, location: 2F 3-2: Base on Balls José Pérez to second
|
Pitching: LHP Edgar Michael
|
|
Batting: LHB Craig Kenney
|
0-0: Ball 1-0: Foul Ball, location: 2F 1-1: Foul Ball, location: 2F 1-2: Fly out, F8 (Flyball, 8LD) Runner from 2nd tags up, SAFE at 3rd, no throw
|
Pitching: RHP Manuel Ferreira
|
|
Batting: RHB Naomi Kitamura
|
0-0: Fly out, F9 (Popup, 89M) Runner from 3rd tags up, SCORES, no throw
|
Pitching: LHP Corey Moore
|
|
Batting: RHB Francisco Gallegos
|
0-0: Foul Ball, location: 2F 0-1: Swinging Strike 0-2: Foul Ball, location: 2F 0-2: Ball 1-2: Strikes out swinging
|
Top of the 6th over - 1 run(s), 1 hit(s), 0 error(s), 1 left on base; Buffalo 3 - Wilmington 0 |
BOTTOM OF THE 6TH |
Wilmington Rebels batting - Pitching for Buffalo LightSabres : LHP Keith Jennings
|
Batting: RHB Jesús Cabrera
|
0-0: Foul Ball, location: 2F 0-1: Ground out 6-3 (Groundball, 6M)
|
Batting: RHB Jeff Jones
|
0-0: Called Strike 0-1: Ball 1-1: Fly out, F8 (Flyball, 8LD)
|
Batting: RHB Enrico Bonizo
|
0-0: Ball 1-0: Ball 2-0: Ball 3-0: Base on Balls
|
Batting: RHB Joey Boyd
|
0-0: Called Strike Enrico Bonizo steals 2nd base 0-1: Foul Ball, location: 2F 0-2: Foul Ball, location: 2F 0-2: DOUBLE (Line Drive, 3D) Enrico Bonizo scores
|
Batting: RHB Vicente Valentín
|
0-0: Ball 1-0: Ball 2-0: Ball 3-0: Called Strike 3-1: Base on Balls
|
Batting: LHB Chandler Hubbard
|
0-0: Foul Ball, location: 2F 0-1: Ball 1-1: DOUBLE (Line Drive, 78D) Joey Boyd scores Vicente Valentín to third
|
Batting: RHB Bob Lazzeri
|
0-0: Called Strike 0-1: Called Strike 0-2: Ball 1-2: Foul Ball, location: 2F 1-2: DOUBLE (Line Drive, 5D) Vicente Valentín scores Chandler Hubbard scores
|
Pitching: RHP Pat Jackson
|
|
Batting: RHB Al Reese
|
0-0: Ball 1-0: SINGLE (Flyball, 7S) Bob Lazzeri to third
|
Batting: RHB Norberto Gonzáles
|
0-0: Ball 1-0: Ball 2-0: SINGLE (Flyball, 56D) Bob Lazzeri scores Al Reese to second
|
Batting: RHB Jesús Cabrera
|
0-0: Ball 1-0: Foul Ball, location: 2F 1-1: Ball 2-1: Fielders Choice at 2nd, 6-4 (Groundball, 6)
|
Bottom of the 6th over - 5 run(s), 5 hit(s), 0 error(s), 1 left on base; Buffalo 3 - Wilmington 5 |
TOP OF THE 7TH |
Buffalo LightSabres batting - Pitching for Wilmington Rebels : LHP Corey Moore
|
Batting: LHB Sixto Cortés
|
0-0: Called Strike 0-1: DOUBLE (Groundball, 3L) - OUT at third base trying to stretch hit.
|
Batting: LHB Lucas Coleman
|
0-0: Called Strike 0-1: Called Strike 0-2: Strikes out looking
|
Batting: SHB Brian Price
|
0-0: Swinging Strike 0-1: Hit by Pitch
|
Batting: RHB Keith Sims
|
0-0: Ball 1-0: Fly out, F9 (Flyball, 9S)
|
Top of the 7th over - 0 run(s), 1 hit(s), 0 error(s), 1 left on base; Buffalo 3 - Wilmington 5 |
BOTTOM OF THE 7TH |
Wilmington Rebels batting - Pitching for Buffalo LightSabres : RHP Pat Jackson
|
Batting: RHB Jeff Jones
|
0-0: SINGLE (Groundball, 6M)
|
Batting: RHB Enrico Bonizo
|
0-0: Called Strike 0-1: Foul Ball, location: 2F 0-2: Ball 1-2: Strikes out swinging
|
Batting: RHB Joey Boyd
|
0-0: Called Strike 0-1: Ball 1-1: Foul Ball, location: 2F 1-2: Ground out 6-3 (Groundball, 6S) Jeff Jones to second
|
Batting: RHB Vicente Valentín
|
0-0: Ball 1-0: Ball 2-0: Fly out, F5 (Popup, 56S)
|
Bottom of the 7th over - 0 run(s), 1 hit(s), 0 error(s), 1 left on base; Buffalo 3 - Wilmington 5 |
TOP OF THE 8TH |
Buffalo LightSabres batting - Pitching for Wilmington Rebels : LHP Corey Moore
|
Batting: RHB José Pérez
|
0-0: Called Strike 0-1: Ball 1-1: Ball 2-1: Ball 3-1: Foul Ball, location: 2F 3-2: Base on Balls
|
Batting: LHB Chris Loudermilk
|
0-0: Swinging Strike 0-1: Ball 1-1: Ball 2-1: Swinging Strike 2-2: Strikes out swinging
|
Batting: LHB Craig Kenney
|
0-0: Ball 1-0: Swinging Strike 1-1: Called Strike 1-2: Strikes out swinging
|
Batting: RHB Naomi Kitamura
|
0-0: Ball 1-0: Foul Ball, location: 2F 1-1: Ball 2-1: Foul Ball, location: 2F 2-2: Strikes out swinging
|
Top of the 8th over - 0 run(s), 0 hit(s), 0 error(s), 1 left on base; Buffalo 3 - Wilmington 5 |
BOTTOM OF THE 8TH |
Wilmington Rebels batting - Pitching for Buffalo LightSabres : RHP Pat Jackson
|
Batting: LHB Chandler Hubbard
|
0-0: SOLO HOME RUN (Flyball, 8RXD), Distance : 427 ft
|
Batting: RHB Bob Lazzeri
|
0-0: Ground out 4-3 (Groundball, 4M)
|
Batting: RHB Al Reese
|
0-0: Ball 1-0: Ball 2-0: Called Strike 2-1: Ground out 6-3 (Groundball, 6)
|
Batting: RHB Norberto Gonzáles
|
0-0: Foul Ball, location: 2F 0-1: Swinging Strike 0-2: Ball 1-2: Ground out 6-3 (Groundball, 6)
|
Bottom of the 8th over - 1 run(s), 1 hit(s), 0 error(s), 0 left on base; Buffalo 3 - Wilmington 6 |
TOP OF THE 9TH |
Buffalo LightSabres batting - Pitching for Wilmington Rebels : LHP Corey Moore
|
Pitching: RHP Ricardo Torres
|
|
Batting: RHB Francisco Gallegos
|
0-0: Called Strike 0-1: Swinging Strike 0-2: Ball 1-2: Strikes out swinging
|
Batting: LHB Sixto Cortés
|
0-0: Ball 1-0: Foul Ball, location: 2F 1-1: Foul Ball, location: 2F 1-2: Strikes out swinging
|
Batting: LHB Lucas Coleman
|
0-0: Ball 1-0: Called Strike 1-1: Called Strike 1-2: Strikes out swinging
|
Top of the 9th over - 0 run(s), 0 hit(s), 0 error(s), 0 left on base; Buffalo 3 - Wilmington 6 |
|